 Dungeon Crawl Stone Soup version 0.21-a0-584-g185da8e (webtiles) character file.

61 terra52 the Digger (level 4, -5/35 HPs)
             Began as a Ghoul Earth Elementalist on Dec 21, 2017.
             Was an Initiate of Okawaru.
             Killed by divine providence
             ... invoked by an orc priest
              (14 damage)
             ... on level 4 of the Dungeon.
             The game lasted 00:06:11 (1298 turns).

terra52 the Digger (Ghoul Earth Elementalist)       Turns: 1298, Time: 00:06:11

Health: -5/35      AC:  2    Str: 11    XL:     4   Next: 7%
Magic:  5/5        EV: 12    Int: 11    God:    Okawaru [......]
Gold:   74         SH:  0    Dex:  9    Spells: 5/6 levels left

rFire    . . .     SeeInvis .     - Unarmed
rCold    + . .     Gourm    .   (no shield)
rNeg     + + +     Faith    .   c - +0 robe
rPois    ∞         Spirit   .   (no helmet)
rElec    .         Reflect  .   (no cloak)
rCorr    .         Harm     .   (no gloves)
MR       .....                  (no boots)
Stlth    ++........             (no amulet)
HPRegen  0.00/turn              (no ring)
MPRegen  0.09/turn              (no ring)

@: very slightly contaminated, rotting
A: rotting body, claws 1, carnivore, cold resistance 1, negative energy
resistance 3, inhibited regeneration, torment resistance, unbreathing
a: Renounce Religion


You were on level 4 of the Dungeon.
You worshipped Okawaru.
Okawaru was noncommittal.
You were not hungry.

You visited 2 branches of the dungeon, and saw 4 of its levels.

You collected 74 gold pieces.

Inventory:

Missiles
 b - 68 stones (quivered)
Armour
 c - a +0 robe (worn)
Scrolls
 i - a scroll of enchant weapon
Potions
 a - 3 potions of agility {unknown}
 f - a potion of flight {unknown}
 h - a potion of curing {unknown}
 l - a potion of lignification {unknown}
Books
 e - a book of Geomancy

   Spells                             Type                      Level
   a - Sandblast                      Earth                        1
   b - Passwall                       Transmutation/Earth          2
   c - Stone Arrow                    Conjuration/Earth            3
   d - Petrify                        Transmutation/Earth          4
   e - Lee's Rapid Deconstruction     Earth                        5
Comestibles
 d - 5 rations
 j - 3 chunks of flesh


   Skills:
 * Level 1.2 Fighting
 + Level 2.0 Dodging
 + Level 2.3 Stealth
 * Level 1.7 Unarmed Combat
 - Level 1.8 Spellcasting
   Level 0.8 Transmutations
 + Level 4.2 Earth Magic


You had 5 spell levels left.
You knew the following spells:

 Your Spells              Type           Power        Failure   Level  Hunger
a - Sandblast             Erth           ##....       4%          1    ##.....


Dungeon Overview and Level Annotations

Branches:
Dungeon (4/15)             Temple (1/1) D:4

Altars:
Ashenzari
Dithmenos
Elyvilon
Fedhas
Gozag
Hepliaklqana
Okawaru
Qazlal
Ru
Trog
Uskayaw
Vehumet
Xom
Yredelemnul
Zin

Annotations:
D:4 LucyFreshmuffins's ghost, amateur GnWz


Innate Abilities, Weirdness & Mutations

Your body is rotting away.
You thrive on raw meat.
You are immune to poison.
You have sharp fingernails.
You are carnivorous and can eat meat at any time.
Your flesh is cold resistant. (rC+)
You are immune to negative energy. (rN+++)
You do not regenerate when monsters are visible.
You are immune to unholy pain and torment.
You can survive without breathing.


Message History

An orc comes into view. It is wielding a club.
The orc shouts!
An orc comes into view. It is wielding a morningstar.
The orc shouts!
An orc priest comes into view.
The orc priest shouts!
An orc comes into view. It is wielding a flail.
The orc shouts!
Found a glowing leather armour.
The orc priest invokes the aid of Beogh against you.
Beogh smites you!
The orc priest invokes the aid of Beogh against you.
Beogh smites you!
* * * LOW HITPOINT WARNING * * *
Found a stone staircase leading up.
Found 6 gold pieces.
Found a spear.
The orc priest calls down the wrath of Beogh upon you.
Beogh smites you!
You die...

##.. #.. #..# #######
..##..#####.....#
#<..............## #.
##...............[##
#..#..#...............##
.......#...............#
.......@..oo.o.........#
..........o..o..........
.)..###.................
... ##...#............ .
##...#...........
##..##..........
##..##.........
##.###........ #$ ###


You could see 2 orc priests and 3 orcs.

Vanquished Creatures
  3 adders (D:2)
  A dart slug (D:1)
  A leopard gecko (D:2)
  A bat (D:1)
  3 giant cockroaches (D:1)
  3 goblins (D:2)
  4 hobgoblins
  3 jackals (D:1)
  5 kobolds
  A quokka (D:2)
  A frilled lizard (D:2)
  5 rats
31 creatures vanquished.

Notes
Turn   | Place    | Note
-------+----------+-------------------------------------------
     0 | D:1      | terra52 the Ghoul Earth Elementalist began the quest for the Orb.
     0 | D:1      | Reached XP level 1. HP: 14/14 MP: 2/2
   131 | D:1      | Reached XP level 2. HP: 8/20 MP: 1/3
   362 | D:2      | Reached skill level 4 in Earth Magic
   393 | D:2      | Reached XP level 3. HP: 9/27 MP: 1/4
   480 | D:2      | Reached skill level 1 in Unarmed Combat
   532 | D:2      | Reached skill level 1 in Fighting
   930 | D:1      | Reached XP level 4. HP: 31/35 MP: 5/5
  1231 | D:2      | You fall through a shaft for 2 floors!
  1256 | D:4      | Found a staircase to the Ecumenical Temple.
  1260 | Temple   | Entered the Ecumenical Temple
  1271 | Temple   | Became a worshipper of Warmaster Okawaru
  1279 | D:4      | Noticed LucyFreshmuffins's ghost (amateur GnWz)
  1298 | D:4      | Killed from afar by an orc priest

Vault maps used:
D:1:      lightli_iron_boxes, minmay_fountain_box
D:2:      nicolae_overflow_hidden_temple, first_ration, minmay_item_behind_shaft
D:4:      lemuel_doored_altar, temple_statues, serial_shops, shop,
          nicolae_shop_behind_doors, minmay_misc_feat_secret_circle,
          corexii_shack
Temple:   minmay_freezing_vapour_temple

Skill      XL: |  1  2  3 |
---------------+----------+-----
Dodging        | 2 |  2.0
Earth Magic    | 4 |  4.2
Unarmed Combat | 1 |  1.7
Fighting       | 1 |  1.2
Stealth        | |  2.3
Spellcasting   | |  1.8
Transmutations | |  0.8

Action                   |  1- 3 |  4- 6 || total
-------------------------+-------+-------++-------
Melee: Unarmed           |    69 |     7 ||    76
 Cast: Sandblast         |    29 |     2 ||    31
  Use: Scroll            |       |     3 ||     3
 Stab: Sleeping          |     1 |       ||     1
  Eat: Chunk             |     9 |     2 ||    11
Armor: Robe              |    11 |       ||    11
Dodge: Dodged            |    45 |     4 ||    49

Table legend:
 A = Spawn XP
 B = Non-spawn XP
 C = Spawn XP percentage of total XP
 D = Spawn monster count
 E = Non-spawn monster count
 F = Spawn count percentage of total count
 G = Total turns spent on level
                    A         B        C        D         E        F      G
               +---------+---------+-------+---------+---------+-------+---------
         Total |       0 |      88 |   0.0 |       0 |      31 |   0.0 |  1298
               +---------+---------+-------+---------+---------+-------+---------
           D:1 |       0 |      27 |   0.0 |       0 |      15 |   0.0 |   646
           D:2 |       0 |      61 |   0.0 |       0 |      16 |   0.0 |   585
               +---------+---------+-------+---------+---------+-------+---------
